Map: Overgrown Facility

Players

BruceLee

  • Race: Terran Terran
  • Spawn Location: 1:00

lIlIlIlIlIlI

  • Race: Protoss Protoss
  • Spawn Location: 3:00

Adversity - Winner!

  • Race: Terran Terran
  • Spawn Location: 7:00

MoonFace - Winner!

  • Race: Terran Terran
  • Spawn Location: 9:00

VOD

Have the link to the VOD?

Description

Time

  • Played on: June 28, 2018, 6:03 p.m.
  • Length: 5:26
Show
View Real Time Build Order
Export as new Build Order

BruceLee Terran 

Build Orders:  

Get SALT Encoding   

  12  0:04  SCV  
  13  0:14  Supply Depot  
  13  0:23  SCV  
  14  0:40  Barracks  
  14  0:51  Barracks  
  14  0:55  SCV  
  15  1:03  Refinery  
  15  1:07  SCV  
  16  1:14  Refinery  
  16  1:19  SCV  
  17  1:33  SCV  
  18  1:41  Barracks Tech Lab  
  18  1:51  Barracks Tech Lab  
  18  1:56  Orbital Command  
  20  2:01  Marauder  
  20  2:06  Concussive Shells  
  20  2:17  Marauder  
  22  2:28  Marauder  
  24  2:38  Marauder  
  26  2:49  Marauder  
  26  3:13  Marauder  
  26  3:30  Marauder  
  26  3:32  SCV  
  25  3:35  Marauder  
  25  3:38  Supply Depot  
  19  4:11  Factory  
  19  4:13  Factory, SCV  
  20  4:18  Supply Depot  
  20  4:24  Supply Depot  
  20  4:25  SCV  
  19  4:37  SCV  
  7  4:49  SCV  
  5  5:01  SCV  
  6  5:12  Command Center  
  6  5:13  SCV  
Show
View Real Time Build Order
Export as new Build Order

lIlIlIlIlIlI Protoss 

Build Orders:  

Get SALT Encoding   

  12  0:11  Probe  
  13  0:17  Pylon  
  13  0:23  Probe  
  14  0:32  Probe  
  15  0:36  Gateway  
  15  0:40  Probe  
  15  0:47  Assimilator  
  15  0:49  Probe  
  17  1:03  Gateway  
  17  1:09  Probe  
  18  1:23  Cybernetics Core  
  18  1:25  Probe  
  19  1:30  Assimilator  
  19  1:35  Pylon  
  19  1:39  Probe  
  20  1:50  Stalker  
  20  1:51  Stalker  
  24  2:01  Warp Gate  
  24  2:09  Probe  
  25  2:20  Stalker  
  27  2:27  Stalker  
  29  2:36  Pylon  
  29  2:37  Probe  
  30  2:49  Shield Battery  
  24  3:51  Robotics Facility  
  24  3:53  Gateway  
  24  3:54  Probe  
  23  3:56  Pylon  
  23  4:02  Pylon  
  23  4:06  Sentry x2  
  27  4:12  Gateway  
  27  4:30  Stalker x2  
  31  4:39  Immortal  
  35  4:47  Stalker  
  35  4:51  Stalker  
  35  5:01  Stalker  
  35  5:11  Sentry  
  37  5:17  Zealot  
  37  5:18  Zealot  
Show
View Real Time Build Order
Export as new Build Order

Adversity Terran - Winner!

Build Orders:  

Get SALT Encoding   

  12  0:02  SCV  
  13  0:14  SCV  
  13  0:19  Supply Depot  
  14  0:26  SCV  
  15  0:31  Refinery  
  15  0:40  SCV  
  16  0:47  Barracks  
  16  0:52  SCV  
  17  1:07  SCV  
  18  1:19  Barracks, SCV  
  19  1:29  Barracks  
  19  1:43  Reaper  
  19  1:44  Orbital Command  
  20  1:56  Supply Depot  
  20  2:04  Refinery  
  21  2:08  Reaper  
  21  2:13  SCV  
  21  2:15  Reaper  
  23  2:18  Reaper  
  24  2:24  Supply Depot  
  24  2:27  SCV  
  25  2:39  SCV  
  25  2:40  Reaper  
  27  2:48  Supply Depot  
  27  2:50  Reaper x2  
  29  2:57  SCV  
  28  3:12  Reaper  
  24  3:19  Barracks  
  24  3:20  Barracks  
  21  3:39  Reaper  
  20  3:45  Reaper  
  20  3:46  SCV  
  22  3:54  Reaper  
  22  4:04  SCV  
  23  4:12  Reaper  
  23  4:17  SCV  
  25  4:21  Reaper x2  
  25  4:23  Reaper  
  28  4:30  Reaper  
  29  4:44  Reaper  
  30  4:48  SCV  
  33  5:03  Command Center  
  32  5:10  SCV  
Show
View Real Time Build Order
Export as new Build Order

MoonFace Terran - Winner!

Build Orders: Cyclone Opening 

Get SALT Encoding   

  12  0:02  SCV  
  13  0:14  SCV  
  14  0:19  Supply Depot  
  14  0:26  SCV  
  15  0:33  Refinery  
  15  0:43  Barracks  
  15  0:46  SCV  
  16  0:58  SCV  
  16  1:00  Refinery  
  17  1:11  SCV  
  18  1:23  SCV  
  19  1:37  Factory  
  19  1:40  Supply Depot  
  19  1:45  Barracks Reactor  
  19  1:50  Orbital Command  
  19  2:17  SCV  
  20  2:27  Cyclone x2  
  20  2:29  SCV  
  27  2:34  Supply Depot  
  27  2:43  SCV  
  28  2:56  SCV  
  29  2:59  Cyclone  
  29  3:00  Cyclone  
  35  3:11  SCV  
  36  3:22  Supply Depot  
  36  3:23  SCV  
  37  3:36  SCV  
  37  3:40  Barracks Tech Lab  
  38  3:41  Supply Depot  
  38  3:44  Cyclone  
  41  3:55  SCV  
  42  4:07  SCV  
  43  4:18  Command Center  
  43  4:19  SCV  
  44  4:27  Barracks  
  44  4:31  Factory Tech Lab  
  44  4:34  SCV  
  45  4:46  SCV  
  46  4:58  SCV  
  44  5:11  SCV  
Tags
 
Add a new tag
Caveats
  • Supply blocks, unpowered buildings, or Contaminate may cause inaccurate times.
  • Supply counts are checked every 10 seconds.